 Dungeon Crawl Stone Soup version 0.25-a0-518-g7669666 (webtiles) character file.

Game seed: 3715150816094256543, levelgen mode: deterministic

4041 robertstho the Grappler (level 10, -3/98 HPs)
             Began as a Troll Berserker on Feb 17, 2020.
             Was a High Priest of Trog.
             Slain by a crocodile (8 damage)
             ... on level 1 of the Lair of Beasts.
             The game lasted 00:08:05 (5623 turns).

robertstho the Grappler (Troll Berserker)           Turns: 5623, Time: 00:08:05

Health: -3/98      AC: 12    Str: 28    XL:     10   Next: 4%
Magic:  9/9        EV: 11    Int:  5    God:    Trog [*****.]
Gold:   496        SH:  2    Dex: 11    Spells: 9/9 levels left

rFire    . . .     SeeInvis .     - Unarmed
rCold    . . .     Gourm    +   (no shield)
rNeg     . . .     Faith    .   C - +0 swamp dragon scales
rPois    +         Spirit   .   (helmet restricted)
rElec    .         Reflect  +   (no cloak)
rCorr    .         Harm     .   (gloves unavailable)
MR       .....                  (boots unavailable)
Stlth    +.........             d - +2 amulet of reflection
HPRegen  0.66/turn              x - +2 ring of dexterity
MPRegen  0.11/turn              B - ring of poison resistance

@: berserk cooldown, slowed, very slow
A: large, unfitting armour, claws 3, fast metabolism 3, gourmand, regeneration
1, shaggy fur 1, tough skin 3
a: Berserk, Trog's Hand, Brothers in Arms, Renounce Religion


You were on level 1 of the Lair of Beasts.
You worshipped Trog.
Trog was extremely pleased with you.
You were near starving.

You visited 3 branches of the dungeon, and saw 10 of its levels.
You also visited: Ossuary.

You collected 496 gold pieces.

Inventory:

Hand Weapons
 r - a +1 morningstar of flaming
 E - the +9 trident "Racwir" {antimagic, *Rage Int+6}
   (You found it on level 5 of the Dungeon)

   It reduces the magical energy of the wielder, and disrupts the spells and
   magical abilities of those hit.
   Natural abilities and divine invocations are not affected.
   It affects your intelligence (+6).
   It may make you go berserk in combat.
Missiles
 z - 11 poisoned darts (quivered)
Armour
 C - +0 swamp dragon scales (worn)
Jewellery
 d - a +2 amulet of reflection (around neck)
 x - a +2 ring of dexterity (left claw)
 B - a ring of poison resistance (right claw)
Wands
 s - a wand of acid (12)
 y - a wand of polymorph (12)
 D - a wand of flame (8)
Scrolls
 c - 2 scrolls of remove curse {unknown}
 f - a scroll of immolation {unknown}
 g - 7 scrolls of amnesia {unknown}
 j - a scroll of magic mapping {unknown}
 k - 5 scrolls of fog {unknown}
 m - 2 scrolls of random uselessness {unknown}
 o - a scroll of noise {unknown}
 u - 4 scrolls of teleportation {unknown}
 v - a scroll of enchant weapon {unknown}
 w - a scroll of enchant armour {unknown}
Potions
 a - 2 potions of flight
 e - 2 potions of lignification
 h - a potion of might
 i - 2 potions of mutation
 l - 2 potions of magic {unknown}
 n - 8 potions of curing {unknown}
 p - 2 potions of invisibility
 q - 3 potions of haste
 t - a potion of ambrosia {unknown}
 A - a potion of stabbing
 F - a potion of brilliance {unknown}
Comestibles
 b - 22 rations


   Skills:
 * Level 5.7 Fighting
 * Level 4.9 Armour
 + Level 5.1 Dodging
 + Level 1.5 Stealth
 + Level 10.3 Unarmed Combat


You had 9 spell levels left.
You didn't know any spells.
Your spell library was empty.

Dungeon Overview and Level Annotations

Branches:
Dungeon (8/15)             Temple (1/1) D:4            Lair (1/6) D:8
Ossuary (visited)

Altars:
Ashenzari
Cheibriados
Dithmenos
Elyvilon
Fedhas
Gozag
Hepliaklqana
Kikubaaqudgha
Makhleb
Nemelex Xobeh
Okawaru
Qazlal
Ru
Sif Muna
Trog
Uskayaw
Vehumet
Wu Jian
Xom
Yredelemnul
Zin
The Shining One

Shops:
D:7 %


Innate Abilities, Weirdness & Mutations

You are too large for most types of armour.
You have claws for hands.
Your metabolism is lightning-fast.
You like to eat raw meat.
Your natural rate of healing is unusually fast.
You are covered in fur. (AC +1)
You have extremely tough skin. (AC +3)


Message History

You see here a spiny frog corpse.
You feel a strong urge to attack something.
You see here a ration.
b - 22 rations (gained 1)
You feel your anger nearly subside.
You are no longer berserk.
You are exhausted.
You feel yourself slow down. The crocodile bites you!
* * * LOW HITPOINT WARNING * * *
You scratch the crocodile.
The crocodile is lightly wounded.
The crocodile bites you.
* * * LOW HITPOINT WARNING * * *
The crocodile bites you!
* * * LOW HITPOINT WARNING * * *
You claw the crocodile!
The crocodile is severely wounded.
You are near starving!
The crocodile bites you!
You die...

...............##
.#####....##.###
##...#### #...##
##..#
#####.†#######
..............#
..............#
#######..@....#
#..t....#
#.......#
#........#
#........#
.........#
..........#
##.#..##.###


You could see a crocodile.

Vanquished Creatures
  A spiny frog (Lair:1)
  Maggie (D:7)
  A hippogriff (D:7)
  Sigmund (D:5)
  2 black bears (D:6)
  An ice beast (D:8)
  An orc warrior (D:8)
  2 phantoms
  5 sky beasts
  4 ogres
  A centaur (D:8)
  An elf zombie (Ossuary)
  4 scorpions
  6 killer bees (D:8)
  5 howler monkeys
  A bullfrog zombie (D:5)
  A crimson imp (D:8)
  A quasit (D:8)
  3 centaur zombies
  4 hounds
  3 jellies
  An orc priest (D:4)
  2 human zombies (Ossuary)
  2 orc wizards
  Jessica (D:4)
  2 centaur skeletons (D:4)
  2 worker ants
  2 hound skeletons
  2 mummies (Ossuary)
  4 worker ant zombies
  6 adders
  A shadow imp (D:5)
  2 oozes (D:3)
  2 adder zombies
  An adder skeleton (D:4)
  A worm (D:5)
  4 dart slugs
  7 leopard geckos
  24 orcs
  2 ball pythons
  11 bats
  7 giant cockroaches
  11 goblins
  4 hobgoblins
  5 quokkas
  2 frilled lizards (D:4)
  A goblin zombie (Ossuary)
  13 hobgoblin zombies (Ossuary)
  2 jackal skeletons
  A jackal zombie (Ossuary)
  3 kobolds
  5 kobold zombies (Ossuary)
  10 orc zombies (Ossuary)
  9 rats
  A rat zombie (Ossuary)
  A fungus (D:8)
203 creatures vanquished.

Notes
Turn   | Place    | Note
-------+----------+-------------------------------------------
     0 | D:1      | robertstho the Troll Berserker began the quest for the Orb.
     0 | D:1      | Reached XP level 1. HP: 22/22 MP: 0/0
   183 | D:1      | Reached XP level 2. HP: 29/29 MP: 1/1
   618 | D:2      | Reached XP level 3. HP: 36/36 MP: 2/2
   650 | D:2      | Reached ** piety under Trog
   780 | D:2      | Reached XP level 4. HP: 34/44 MP: 3/3
   904 | D:2      | Found a faded altar of an unknown god.
   975 | D:2      | Found a hide-covered altar of Uskayaw.
  1028 | D:2      | Found an ornate altar of the Wu Jian Council.
  1411 | D:3      | Found a sparkling altar of Nemelex Xobeh.
  1418 | D:3      | Reached skill level 4 in Unarmed Combat
  1494 | D:3      | Found a bloodstained altar of Trog.
  1507 | D:3      | Reached skill level 1 in Armour
  1507 | D:3      | Reached XP level 5. HP: 49/53 MP: 4/4
  1803 | D:4      | Found a staircase to the Ecumenical Temple.
  1824 | Temple   | Entered the Ecumenical Temple
  1862 | D:4      | Found a shattered altar of Ashenzari.
  1913 | D:4      | Reached *** piety under Trog
  1973 | D:4      | Reached XP level 6. HP: 58/61 MP: 5/5
  2206 | D:4      | Reached skill level 5 in Unarmed Combat
  2342 | D:4      | Noticed Jessica
  2350 | D:4      | Killed Jessica
  2400 | D:4      | Found a sparkling altar of Nemelex Xobeh.
  2485 | D:5      | Entered Level 5 of the Dungeon
  2506 | D:5      | Noticed a sky beast
  2516 | D:5      | Killed a sky beast
  2516 | D:5      | Reached XP level 7. HP: 68/68 MP: 6/6
  2519 | D:5      | Reached skill level 1 in Stealth
  2669 | D:5      | Noticed Sigmund
  2683 | D:5      | Killed Sigmund
  2683 | D:5      | Reached skill level 6 in Unarmed Combat
  2731 | D:5      | You fall into a shaft and drop 3 floors!
  2771 | D:8      | Reached XP level 8. HP: 53/78 MP: 7/7
  2930 | D:8      | Reached skill level 7 in Unarmed Combat
  2935 | D:8      | Reached **** piety under Trog
  3126 | D:8      | Found a staircase to the Lair.
  3151 | D:8      | Reached skill level 8 in Unarmed Combat
  3168 | D:8      | Reached XP level 9. HP: 70/87 MP: 8/8
  3190 | D:8      | Reached skill level 5 in Fighting
  3604 | D:7      | Reached skill level 9 in Unarmed Combat
  3815 | D:7      | Noticed Maggie
  3830 | D:7      | Killed Maggie
  4053 | D:7      | Reached skill level 5 in Dodging
  4244 | D:7      | Found Zooruaru's Food Emporium.
  4273 | D:7      | Found an opulent altar of Gozag.
  4440 | D:6      | You fall into a shaft and drop 2 floors!
  4540 | D:6      | Found a sand-covered staircase.
  4550 | Ossuary  | Entered an ossuary
  4710 | Ossuary  | Reached ***** piety under Trog
  4710 | Ossuary  | Received a gift from Trog
  4809 | D:6      | Reached skill level 10 in Unarmed Combat
  4836 | D:6      | Found a bloodstained altar of Trog.
  5506 | D:5      | Got a slimy trident
  5507 | D:5      | Identified the +9 trident "Racwir" {antimagic, *Rage Int+6}
                  | (You found it on level 5 of the Dungeon)
  5574 | Lair:1   | Entered Level 1 of the Lair of Beasts
  5603 | Lair:1   | Noticed a spiny frog
  5616 | Lair:1   | Killed a spiny frog
  5616 | Lair:1   | Reached XP level 10. HP: 36/98 MP: 9/9
  5622 | Lair:1   | HP: 4/98 [crocodile (11)]
  5623 | Lair:1   | Slain by a crocodile

Levels and vault maps discovered:
D:1:      grunt_arrival_crossed_arrows, layout_loops_ring
D:2:      layout_rooms, marbit_many_paths, chequers_ecumenical_altar_island,
          lemuel_tele_altar
D:3:      layout_basic, nicolae_overflow_crystal_walls,
          nemelex_dance_club_becter
D:4:      layout_loops_cross, ashenzari_altar_1,
          minmay_temple_entry_proselytizer, first_ration,
          nemelex_lonely_heart_becter
D:5:      layout_loops_ring, uniq_sigmund
D:6:      layout_cave_pools, chequers_ossuary_entry_cave, trog_ov_bears_minmay
D:7:      layout_basic, nicolae_gozag_cash_rules_everything_around_me,
          serial_shops, nicolae_shop_waterfront, uniq_maggie
D:8:      layout_loops_ring, dpeg_oklobed_lair
Temple:   nicolae_temple_no_exploring_needed
Lair:1:   layout_small_grid

Skill      XL: |  1  2  3  4  5  6  7  8  9 |
---------------+----------------------------+-----
Dodging        | 3 4 5 |  5.1
Fighting       | 3 4 5 |  5.7
Unarmed Combat | 4 5 6 8 10 | 10.3
Armour         | 1 2 3 4 |  4.9
Stealth        | 1 |  1.5

Action                   |  1- 3 |  4- 6 |  7- 9 | 10-12 || total
-------------------------+-------+-------+-------+-------++-------
Melee: Unarmed           |    88 |   230 |   294 |     2 ||   614
       Punch             |       |     6 |     9 |       ||    15
Invok: Berserk           |       |     2 |     4 |       ||     6
  Use: Scroll            |       |     6 |     4 |       ||    10
       Potion            |       |       |     2 |       ||     2
 Stab: Sleeping          |     3 |     2 |       |       ||     5
  Eat: Chunk             |    13 |    17 |    23 |       ||    53
Armor: Animal skin       |    49 |   107 |    32 |       ||   188
       Swamp dragon scal |       |       |    59 |       ||    59
Dodge: Dodged            |    48 |   154 |   110 |       ||   312
Block: Other             |       |     1 |    19 |       ||    20

Table legend:
 A = Non-vault XP
 B = Vault XP
 C = Vault XP percentage of total XP
 D = Non-vault monster count
 E = Vault monster count
 F = Vault count percentage of total count
                 A         B        C        D         E       F
            +---------+---------+-------+---------+---------+-------
      Total |    4463 |    1311 |  22.7 |     154 |      48 |  23.8
            +---------+---------+-------+---------+---------+-------
        D:1 |      32 |       0 |   0.0 |      20 |       0 |   0.0
        D:2 |      90 |      13 |  12.6 |      24 |       1 |   4.0
        D:3 |     102 |      10 |   8.9 |      22 |       2 |   8.3
        D:4 |     311 |      78 |  20.1 |      25 |       2 |   7.4
        D:5 |     671 |     227 |  25.3 |      17 |       1 |   5.6
        D:6 |      38 |     269 |  87.6 |       4 |       2 |  33.3
        D:7 |     852 |     379 |  30.8 |      11 |       1 |   8.3
        D:8 |    1970 |       0 |   0.0 |      30 |       0 |   0.0
     Lair:1 |     397 |       0 |   0.0 |       1 |       0 |   0.0
    Ossuary |       0 |     335 | 100.0 |       0 |      39 | 100.0
            +---------+---------+-------+---------+---------+-------
